 Dungeon Crawl Stone Soup version 0.29-a0-82-g837932c90e (webtiles) character file.

Game seed: 15561996492743463620

2891 lordive the Chiller (level 9, 0/65 (76) HPs)
             Began as a Naga Ice Elementalist on Feb 4, 2022.
             Was a Priest of Cheibriados.
             Slain by a wight (4 damage)
             ... on level 7 of the Dungeon.
             The game lasted 00:15:01 (8232 turns).

lordive the Chiller (Naga Ice Elementalist)         Turns: 8232, Time: 00:15:04

HP:   0/65 (76)     AC: 18    Str: 23    XL:     9   Next: 77%
MP:   3/17          EV: 10    Int: 27    God:    Cheibriados [***...]
Gold: 412           SH:  0    Dex: 19    Spells: 8/19 levels left

rFire   . . .      SeeInvis +   e - +2 dagger (venom)
rCold   . . .      Faith    .   (no shield)
rNeg    . . .      Spirit   .   a - +0 robe
rPois   +          Reflect  .   (no helmet)
rElec   .          Harm     .   (no cloak)
rCorr   .          Rampage  .   (no gloves)
Will    +....                   j - +1 barding
Stlth   +++.......              o - amulet of regeneration
HPRegen 1.00/turn               g - +6 ring of strength
MPRegen 0.15/turn               (no ring)

@: ice-armoured, heavily drained, very slow
A: AC +3, large, see invisible, deformed body, poison resistance, slowness 2,
spit poison 1, naga tail 1
a: Spit Poison, Renounce Religion, Bend Time, Temporal Distortion


You were on level 7 of the Dungeon.
You worshipped Cheibriados.
Cheibriados was most pleased with you.
You visited 1 branch of the dungeon, and saw 7 of its levels.

You collected 412 gold pieces.

Inventory:

Hand Weapons
 e - a +2 dagger of venom (weapon)
 q - a +0 spear
Armour
 a - a +0 robe (worn)
 j - a +1 barding (worn)
 n - a +0 leather armour
Magical Staves
 z - a staff of death
Jewellery
 g - a +6 ring of strength (left hand)
 o - an amulet of regeneration (around neck)
 p - an amulet of magic regeneration
 r - an amulet of reflection
 x - an amulet of the acrobat
 F - a ring of wizardry
Wands
 k - a wand of paralysis (17)
 m - a wand of flame (24)
 y - a wand of mindburst (12)
 B - a wand of iceblast (8)
 E - a wand of polymorph (11)
Scrolls
 b - 3 scrolls of teleportation
 f - 2 scrolls of vulnerability {unknown}
 i - 4 scrolls of identify {unknown}
 s - a scroll of summoning {unknown}
 t - a scroll of enchant armour {unknown}
 u - 2 scrolls of blinking {unknown}
 w - a scroll of fog {unknown}
Potions
 c - a potion of heal wounds {unknown}
 d - 4 potions of curing {unknown}
 h - a potion of haste {unknown}
 l - 3 potions of brilliance {unknown}
 v - a potion of invisibility {unknown}
 A - a potion of cancellation {unknown}
 C - a potion of resistance {unknown}
 D - a potion of mutation {unknown}


   Skills:
 * Level 3.2 Fighting
 * Level 2.7 Armour
 * Level 4.4 Dodging
 * Level 4.6 Stealth
 * Level 2.8 Shields
 + Level 5.9 Spellcasting
 * Level 3.3 Conjurations
 * Level 1.9 Transmutations
 + Level 7.2 Ice Magic
 * Level 1.8 Earth Magic
 * Level 1.5 Invocations
 + Level 1.4 Evocations


You had 8 spell levels left.
You knew the following spells:

 Your Spells              Type           Power      Damage    Failure   Level
a - Freeze                Ice            100%       1d11      1%          1
b - Frozen Ramparts       Ice            92%        1d11      1%          3
c - Ozocubu's Armour      Ice            46%        N/A       1%          3
d - Hailstorm             Conj/Ice       36%        3d9       8%          4

Your spell library contained the following spells:

 Spells                   Type           Power      Damage    Failure   Level
 Animate Skeleton         Necr           16%        N/A       7%          1
 Pain                     Necr           32%        1d5       7%          1
 Vampiric Draining        Necr           8%         2d6       21%         3
 Animate Armour           Summ/Erth      26%        N/A       41%         4
 Blade Hands              Tmut           9%         N/A       63%         5
 Alistair's Intoxication  Tmut/Pois      8%         N/A       77%         5
 Borgnjor's Vile Clutch   Necr/Erth      6%         N/A       77%         5
 Iron Shot                Conj/Erth      11%        9d3       98%         6
 Eringya's Noxious Bog    Tmut/Pois      6%         N/A       100%        6


Dungeon Overview and Level Annotations

Branches:
Dungeon (7/15)             Temple (0/1) D:5

Altars:
Ashenzari
Cheibriados
Elyvilon
Gozag
Qazlal
Wu Jian
Zin

Shops:
D:1 (

Annotations:
D:4 2 runed translucent doors, elisander's ghost, weakling DsDe
D:5 3 runed translucent doors, Anonymone's ghost, novice DsGl; HallandMoats's ghost, amateur GrFi; grumblor's ghost, novice VSFi


Innate Abilities, Weirdness & Mutations

Your serpentine skin is tough. (AC +3)
You have supernaturally acute eyesight. (SInv)
Armour fits poorly on your strangely shaped body.
Your system is resistant to poisons. (rPois)
You cover ground very slowly.
You can spit poison.
You have a snake-like lower body.


Message History

The wight is severely damaged.
The wight hits you but does no damage.
The wight hits you from afar with a +2 spear of freezing.
The wight freezes you.
You hit the wight but do no damage.
The wight is severely damaged.
The wight hits you with a +0 mace.
You feel drained. The wight closely misses you.
You hit the wight but do no damage.
The wight is severely damaged.
The wight closely misses you. The wight barely misses you.
You hit the wight.
You destroy the wight!
Cheibriados thoroughly appreciates the change of pace.
The wight hits you from afar with a +2 spear of freezing.
The wight freezes you.
You hit the wight.
The wight is heavily damaged.
The wight hits you with a +3 great sword!
You feel drained. The wight misses you.
You hit the wight.
The wight is severely damaged.
The wight hits you but does no damage. The wight closely misses you.
You hit the wight.
The wight is almost destroyed.
The wight hits you but does no damage.
The wight hits you from afar with a +2 spear of freezing.
The wight freezes you.
You hit the wight but do no damage.
The wight is almost destroyed.
The wight hits you with a +3 great sword!
You feel drained. The wight barely misses you.
You hit the wight but do no damage.
The wight is almost destroyed.
The wight hits you with a +3 great sword!
* * * LOW HITPOINT WARNING * * *
You feel drained.
* * * LOW HITPOINT WARNING * * *
The wight hits you from afar with a +2 spear of freezing.
You die...

#.............#
#.............#
#........# #..#
#.....(..# #..#
#........###..## #####
#........#...... ...#
#........#..#.##
###.###........#..#...
#...z@....##.###..#.#.
#.#z########.# #..###.
# #.zz.z...#.# #......
#######.##.# ##.####
#.# #.# ##.####.#
#.......# #########


You could see 2 wights.

Vanquished Creatures
  Joseph (D:7)
  A wyvern (D:6)
  Eustachio (D:4)
  An acid dragon (D:7)
  Duvessa (D:6)
  A sky beast (D:5)
  An ice beast (D:7)
  3 ogres
  2 black bears
  A necrophage (D:7)
  A centaur (D:7)
  A kobold brigand (D:6)
  4 bullfrogs
  A wyvern zombie (D:6)
  A scorpion (D:6)
  Dowan (D:6)
  A water moccasin skeleton (D:5)
  2 wights (D:7)
  3 centaur zombies
  An orc priest (D:6)
  A centaur skeleton (D:6)
  3 hounds
  3 jellies
  Jessica (D:2)
  2 orc wizards (D:3)
  A hound skeleton (D:5)
  A mummy (D:3)
  3 gnolls (D:4)
  A howler monkey skeleton (D:6)
  8 adders
  A white imp (D:6)
  2 ufetubi (D:5)
  A worm (D:2)
  2 dart slugs
  20 orcs
  6 ball pythons
  A bat (D:2)
  5 endoplasms
  A giant cockroach (D:3)
  3 hobgoblins
  16 kobolds
  4 quokkas
  5 frilled lizards
  9 goblins
  6 rats
135 creatures vanquished.

Vanquished Creatures (others)
  4 withered plants (D:5)
4 creatures vanquished.

Grand Total: 139 creatures vanquished

Notes
Turn   | Place    | Note
-------+----------+-------------------------------------------
     0 | D:1      | lordive the Naga Ice Elementalist began the quest for the
                  | Orb.
     0 | D:1      | Reached XP level 1. HP: 15/15 MP: 3/3
   364 | D:1      | Reached XP level 2. HP: 14/22 MP: 0/5
   647 | D:1      | Found Upeocw's Weapon Boutique.
  1236 | D:2      | Reached XP level 3. HP: 22/28 MP: 2/6
  1808 | D:2      | Noticed Jessica
  1814 | D:2      | Killed Jessica
  1815 | D:2      | Reached XP level 4. HP: 36/36 MP: 6/8
  2177 | D:3      | Learned a level 3 spell: Frozen Ramparts
  2179 | D:3      | Reached skill level 5 in Ice Magic
  2256 | D:3      | Reached XP level 5. HP: 42/42 MP: 5/9
  2817 | D:3      | Learned a level 3 spell: Ozocubu's Armour
  2823 | D:3      | Learned a level 4 spell: Hailstorm
  3075 | D:3      | Found a snail-covered altar of Cheibriados.
  3104 | D:3      | Found a stormy altar of Qazlal.
  3317 | D:3      | Became a worshipper of Cheibriados the Contemplative
  3515 | D:3      | Found a faded altar of an unknown god.
  3756 | D:4      | Noticed Eustachio
  3785 | D:4      | Killed Eustachio
  3786 | D:4      | Reached XP level 6. HP: 24/50 MP: 0/12
  4174 | D:4      | Found a broken altar of Ashenzari.
  4333 | D:4      | Reached skill level 1 in Fighting
  4398 | D:4      | Reached XP level 7. HP: 53/57 MP: 9/13
  4707 | D:4      | Reached * piety under Cheibriados
  5196 | D:4      | Found a large runed translucent door.
  5196 | D:4      | Found a large runed translucent door.
  5197 | D:4      | Noticed elisander's ghost (weakling DsDe)
  5520 | D:5      | Entered Level 5 of the Dungeon
  5555 | D:5      | Reached skill level 1 in Conjurations
  5555 | D:5      | Reached skill level 6 in Ice Magic
  5682 | D:5      | Found a staircase to the Ecumenical Temple.
  5842 | D:5      | Reached skill level 1 in Shields
  5890 | D:5      | Found a glowing silver altar of Zin.
  5988 | D:5      | Found a runed translucent gate.
  5988 | D:5      | Found a runed translucent gate.
  5989 | D:5      | Found a runed translucent gate.
  5996 | D:5      | Noticed Anonymone's ghost (novice DsGl)
  5996 | D:5      | Noticed HallandMoats's ghost (amateur GrFi)
  5996 | D:5      | Noticed grumblor's ghost (novice VSFi)
  5999 | D:5      | Reached skill level 1 in Armour
  6308 | D:6      | Noticed Dowan
  6309 | D:6      | Noticed Duvessa
  6318 | D:6      | Killed Dowan
  6326 | D:6      | Killed Duvessa
  6327 | D:6      | Reached skill level 5 in Spellcasting
  6327 | D:6      | Reached XP level 8. HP: 28/66 MP: 6/15
  6394 | D:6      | Found an ornate altar of the Wu Jian Council.
  6533 | D:6      | Reached ** piety under Cheibriados
  6695 | D:6      | Found a white marble altar of Elyvilon.
  6785 | D:6      | Found an opulent altar of Gozag.
  7151 | D:6      | Noticed a wyvern
  7158 | D:6      | Killed a wyvern
  7321 | D:6      | Reached skill level 1 in Evocations
  7326 | D:6      | Reached XP level 9. HP: 74/74 MP: 11/17
  7535 | D:7      | Reached skill level 1 in Earth Magic
  7666 | D:7      | Reached *** piety under Cheibriados
  7667 | D:7      | Reached skill level 1 in Transmutations
  7914 | D:7      | Noticed Joseph
  7966 | D:7      | Killed Joseph
  7967 | D:7      | Reached skill level 7 in Ice Magic
  7967 | D:7      | Reached skill level 1 in Invocations
  8232 | D:7      | Slain by a wight

Illustrated notes

Levels and vault maps discovered:
D:1:      erik_arrival_triangle_small, layout_basic, serial_shops, shop,
          hex_large
D:2:      layout_loops_cross, minivault_11, uniq_jessica
D:3:      minmay_thinvault, layout_basic, grunt_qazlal_clouds,
          chei_slow_surprise, hellmonk_ecumenical_altar_inner_sanctum
D:4:      layout_layer_cave, amcnicky_altar_gilded, ebering_ghost_disaster_area,
          uniq_eustachio
D:5:      layout_rooms, mainiacjoe_overflow_concentric_impassable,
          lemuel_temple_firewalk_b, serial_glass, glass_columns_a,
          glass_columns_a, gammafunk_ghost_cemetery
D:6:      minmay_bubble_buster, layout_loops_ring, nzn_wu_jian_contemplation,
          nicolae_gozag_cash_rules_everything_around_me, elyvilon_altar_5,
          uniq_duvessa
D:7:      layout_basic, nicolae_shop_gadgets, uniq_joseph

Skill      XL: |  1  2  3  4  5  6  7  8  9 |
---------------+----------------------------+-----
Dodging        | 2 3 4 |  4.4
Ice Magic      | 5 6 7 |  7.2
Spellcasting   | 3 4 5 |  5.9
Fighting       | 1 2 3 |  3.2
Conjurations   | 1 2 3 |  3.3
Shields        | 1 2 |  2.8
Armour         | 1 2 |  2.7
Evocations     | 1 |  1.4
Earth Magic    | 1 |  1.8
Transmutations | 1 |  1.9
Stealth        | 4 |  4.6
Invocations    | 1 |  1.5

Action                   |  1- 3 |  4- 6 |  7- 9 || total
-------------------------+-------+-------+-------++-------
Melee: Unarmed           |     4 |       |       ||     4
       Dagger            |     1 |    11 |   120 ||   132
       Punch             |       |       |     3 ||     3
 Cast: Freeze            |    31 |    15 |    13 ||    59
       Frozen Ramparts   |       |    26 |    41 ||    67
       Ozocubu's Armour  |       |     3 |    21 ||    24
       Hailstorm         |       |       |     3 ||     3
 Abil: Spit Poison       |    12 |     7 |     1 ||    20
Evoke: Wand              |       |       |     9 ||     9
  Use: Scroll            |       |       |     1 ||     1
Armor: Robe              |     2 |    44 |   196 ||   242
Dodge: Dodged            |    14 |    34 |   140 ||   188

Table legend: (Time is in decaauts)
 A = Elapsed time spent in this place.
 B = Non-inter-level travel time spent in this place.
 C = Inter-level travel time spent in this place.
 D = Time resting spent in this place.
 E = Time spent auto-exploring this place.
 F = Levels seen in this place.
 G = Mean time per level.
                   A        B        C        D        E       F      G
               +--------+--------+--------+--------+--------+-----+--------+
         Total |  11535 |  11150 |    385 |    184 |   9616 |   7 | 1647.9 |
       Dungeon |  11535 |  11150 |    385 |    184 |   9616 |   7 | 1647.9 |
               +--------+--------+--------+--------+--------+-----+--------+

Top non-repeatable levels by time:
     D:4: 2688 daAuts
     D:3: 2100 daAuts
     D:6: 1787 daAuts
     D:1: 1335 daAuts
     D:5: 1301 daAuts
     D:2: 1290 daAuts
     D:7: 1031 daAuts
